 Dungeon Crawl Stone Soup version 0.28-a0-268-g3f656e82c2 (webtiles) character file.

Game seed: 10489790017971098236

97 Shayle the Insei (level 5, -4/38 HPs)
             Began as a Djinni Warper on Aug 29, 2021.
             Was an Initiate of Makhleb.
             Killed from afar by Natasha (7 damage)
             ... with a magic dart
             ... on level 4 of the Dungeon.
             The game lasted 00:05:48 (2666 turns).

Shayle the Insei (Djinni Warper)                    Turns: 2666, Time: 00:05:48

Health: -4/38      AC:  3    Str: 10    XL:     5   Next: 0%
Gold:   33         EV: 11    Int: 16    God:    Makhleb [......] SH:  0 Dex: 12

rFire   + + .      SeeInvis .   d - +1 short sword (freeze)
rCold   x . .      Faith    .   (no shield)
rNeg    . . .      Spirit   .   a - +0 leather armour
rPois   ∞          Reflect  .   (no helmet)
rElec   .          Harm     .   (no cloak)
rCorr   .          Rampage  .   (no gloves)
Will    .....                   (boots unavailable)
Stlth   +.........              (no amulet)
HPRegen 0.12/turn               (no ring)
MPRegen 0.00/turn               (no ring)

@: flying
A: sickness immunity, fire resistance 2, cold vulnerability 1, float, innate
caster, hp casting, extra vitality 1
a: Renounce Religion


You were on level 4 of the Dungeon.
You worshipped Makhleb.
Makhleb was noncommittal.
You visited 1 branch of the dungeon, and saw 4 of its levels.

You collected 33 gold pieces.

Inventory:

Hand Weapons
 d - a +1 short sword of freezing (weapon)
 i - a +0 mace of holy wrath
Armour
 a - a +0 leather armour (worn)
Jewellery
 g - a ring of ice
Scrolls
 b - a scroll of blinking
 e - a scroll of teleportation {unknown}
 f - a scroll of immolation {unknown}
 h - a scroll of identify {unknown}
 j - a scroll of enchant weapon {unknown}
 k - a scroll of enchant armour {unknown}


   Skills:
 - Level 2.0 Fighting
 - Level 0.7 Throwing
 - Level 1.0 Armour
 - Level 2.1 Dodging
 + Level 4.2 Unarmed Combat
 - Level 2.4 Spellcasting
 + Level 1.9 Invocations


You couldn't memorise any spells.
You knew the following spells:

 Your Spells              Type           Power      Damage    Failure   Level
a - Blink                 Tloc           N/A        N/A       16%         2
b - Lesser Beckoning      Tloc           4%         N/A       30%         3
c - Gell's Gravitas       Tloc           4%         N/A       30%         3
d - Teleport Other        Tloc           9%         N/A       30%         3
e - Manifold Assault      Tloc           9%         N/A       95%         5
f - Pain                  Necr           36%        1d5       10%         1
g - Searing Ray           Conj           18%        3d3       16%         2
Your spell library was empty.

Dungeon Overview and Level Annotations

Branches:
Dungeon (4/15)
 Temple: D:4-7

Altars:
Makhleb

Annotations:
D:4 Natasha


Innate Abilities, Weirdness & Mutations

You are immune to sickness and miasma.
You are immune to poison.
Your flesh is very heat resistant. (rF++)
You are vulnerable to cold. (rC-)
You float through the air rather than walking.
You learn spells naturally, not from books.
Your magical power is your life essence.
You have superior vitality. (+4 HP)


Message History

Press: ? - help, Q - select action, (/) - cycle Shift-Dir - straight line, f/p - Natasha
Aim: Natasha (50% to hit)
You throw a boomerang of dispersal.
The boomerang of dispersal misses Natasha.
Natasha barely misses you. x2
Throw: boomerang (disperse)
Press: ? - help, Q - select action, (/) - cycle Shift-Dir - straight line, f/p - Natasha
Aim: Natasha (50% to hit)
You throw a boomerang of dispersal.
The boomerang of dispersal hits Natasha.
Natasha blinks!
Natasha is moderately wounded.
You reach down and open the door.
Natasha mumbles some strange words.
You hit the endoplasm. You freeze the endoplasm.
The endoplasm is heavily wounded.
The endoplasm freezes you.
You are frozen.
* * * LOW HITPOINT WARNING * * *
You hit the endoplasm. You freeze the endoplasm.
You kill the endoplasm!
Makhleb accepts your kill.
You have reached level 5!
The power to cast Searing Ray wells up from within.
Spell assigned to 'g'.
Natasha casts a spell at you. The magic dart hits you!
* * * LOW HITPOINT WARNING * * *
There is an open door here.
You reach down and close the door.
You start resting.
Natasha, Servant of Life and Death opens the door.
You reach down and close the door.
Natasha opens the door.
As you close the door, it creaks loudly!
Natasha opens the door.
You reach down and close the door.
Natasha opens the door.
You reach down and close the door.
Natasha opens the door.
Natasha stares at you and mumbles some strange words.
The magic dart hits you!
You die...

.#### .... ... ..
#. ### ##.###.##
#...#...#
#...'@..#
###h###.#
#.###.######+
...#.........
.5h.#.........
.....#.......J.
......#.........
.......#.........
##.#######


You could see Natasha.

Vanquished Creatures
  A gnoll (D:2)
  4 adders
  A worm (D:2)
  3 bats (D:2)
  8 endoplasms
  5 giant cockroaches
  5 goblins
  3 hobgoblins
  3 kobolds
  3 quokkas
  2 ball pythons
  2 frilled lizards
  5 rats
45 creatures vanquished.

Notes
Turn   | Place    | Note
-------+----------+-------------------------------------------
     0 | D:1      | Shayle the Djinni Warper began the quest for the Orb.
     0 | D:1      | Reached XP level 1. HP: 18/18 MP: 0/0
   390 | D:1      | Reached XP level 2. HP: 23/23 MP: 0/0
   647 | D:1      | Reached skill level 3 in Unarmed Combat
   967 | D:1      | Reached XP level 3. HP: 25/28 MP: 0/0
   967 | D:1      | Learned a level 1 spell: Pain
  1456 | D:3      | Found a burning altar of Makhleb.
  1461 | D:3      | Became a worshipper of Makhleb the Destroyer
  1475 | D:3      | Found Nutuizof's General Store.
  1770 | D:2      | Reached XP level 4. HP: 33/33 MP: 0/0
  1774 | D:2      | Reached skill level 1 in Invocations
  1964 | D:2      | Found a faded altar of an unknown god.
  2072 | D:2      | Reached skill level 4 in Unarmed Combat
  2326 | D:2      | Noticed a necrophage
  2649 | D:4      | Noticed Natasha
  2659 | D:4      | Reached XP level 5. HP: 10/38 MP: 0/0
  2659 | D:4      | Learned a level 2 spell: Searing Ray
  2666 | D:4      | Killed from afar by Natasha

Illustrated notes

Levels and vault maps discovered:
D:1:      minmay_arrival_up_and_down, layout_loops_ring
D:2:      layout_basic, hellmonk_ecumenical_altar_leap_of_faith, basic_altar
D:3:      layout_rooms, mainiacjoe_overflow_chevrons, serial_shops,
          nicolae_square_shop
D:4:      layout_gridville, uniq_natasha

Skill      XL: |  1  2  3  4 |
---------------+-------------+-----
Unarmed Combat | 3 4 |  4.2
Invocations    | 1 |  1.9
Fighting       | |  2.0
Throwing       | |  0.7
Armour         | |  1.0
Dodging        | |  2.1
Spellcasting   | |  2.4

Action                   |  1- 3 |  4- 6 || total
-------------------------+-------+-------++-------
Melee: Short sword       |    82 |    44 ||   126
       Unarmed           |     5 |       ||     5
Throw: Boomerang         |       |     5 ||     5
 Cast: Pain              |       |     4 ||     4
       Blink             |       |     1 ||     1
       Gell's Gravitas   |       |     1 ||     1
  Use: Potion            |       |     1 ||     1
 Stab: Sleeping          |     1 |       ||     1
       Distracted        |       |     1 ||     1
Armor: Leather armour    |    18 |     8 ||    26
Dodge: Dodged            |    49 |    28 ||    77

Table legend: (Time is in decaauts)
 A = Elapsed time spent in this place.
 B = Non-inter-level travel time spent in this place.
 C = Inter-level travel time spent in this place.
 D = Time resting spent in this place.
 E = Time spent auto-exploring this place.
 F = Levels seen in this place.
 G = Mean time per level.
                   A        B        C        D        E       F      G
               +--------+--------+--------+--------+--------+-----+--------+
         Total |   2679 |   2652 |     27 |    109 |   1993 |   4 |  669.8 |
       Dungeon |   2679 |   2652 |     27 |    109 |   1993 |   4 |  669.8 |
               +--------+--------+--------+--------+--------+-----+--------+

Top non-repeatable levels by time:
     D:1: 1066 daAuts
     D:2: 1037 daAuts
     D:3: 550 daAuts
     D:4: 25 daAuts
